 Dungeon Crawl Stone Soup version 0.17-a0-1625-g47e540b (webtiles) character file.

66 urechis the Skirmisher (level 4, -1/49 HPs)
             Began as an Ogre Fighter on Aug 2, 2015.
             Slain by Grinder (2 damage)
             ... on level 3 of the Dungeon.
             The game lasted 00:02:08 (1882 turns).

urechis the Skirmisher (Ogre Fighter)               Turns: 1882, Time: 00:02:08

Health: -1/49      AC:  3    Str: 19 (22) XL:     4   Next: 15%
Magic:  4/4        EV:  8    Int:  7      God:
Gold:   36         SH:  8    Dex:  9      Spells: 0 memorised, 3 levels left

rFire  . . .     SeeInvis .     a - +0 flail
rCold  . . .     Clarity  .     b - +0 robe
rNeg   . . .     SustAt   .     c - +0 shield
rPois  .         Gourm    .     (helmet restricted)
rElec  .         Spirit   .     (no cloak)
rCorr  .         Warding  .     (gloves unavailable)
rMut   .         Stasis   .     (boots unavailable)
MR     .....                    (no amulet)
Stlth  +.........               (no ring)
                                (no ring)

@: not resistant to hostile enchantments, very unstealthy
A: unfitting armour, tough skin 1
a: no special abilities


You were on level 3 of the Dungeon.
You were not hungry.

You visited 1 branch of the dungeon, and saw 3 of its levels.

You collected 36 gold pieces.

Inventory:

Hand weapons
 a - a +0 flail (weapon)
Armour
 b - a +0 robe (worn)
 c - a +0 shield (worn)
Jewellery
 u - a cursed amulet of inaccuracy {unknown}
Scrolls
 f - 3 scrolls of identify {unknown}
 g - a scroll of blinking {unknown}
 h - a scroll of fog {unknown}
 i - a scroll of noise {unknown}
 k - a scroll of enchant armour {unknown}
 q - a scroll of amnesia {unknown}
 r - a scroll of immolation {unknown}
 s - 2 scrolls of enchant weapon {unknown}
Potions
 e - a potion of might
 j - a potion of heal wounds {unknown}
 m - a potion of degeneration
 n - a potion of agility {unknown}
 t - a potion of mutation {unknown}
Comestibles
 d - 3 bread rations
 l - 2 meat rations
 o - a beef jerky
 p - 6 fruits


   Skills:
 + Level 4.9 Fighting
 * Level 4.9 Maces & Flails
 - Level 2.6 Dodging
 - Level 2.6 Shields


You had 3 spell levels left.
You didn't know any spells.

Dungeon Overview and Level Annotations

Branches:
Dungeon (3/15)

Altars:
Elyvilon
Sif Muna

Annotations:
D:3 Grinder


Innate Abilities, Weirdness & Mutations

You are too large for most types of armour.
You have tough skin (AC +1).


Message History

You feel weakened. Grinder barely misses you.
You are too injured to fight recklessly!
You are too injured to fight recklessly!
You closely miss Grinder.
Grinder is moderately wounded.
Grinder barely misses you.
You hit Grinder.
Grinder is moderately wounded.
Grinder gestures at you. You resist with significant effort.
You hit Grinder.
Grinder is moderately wounded.
You block Grinder's attack. Grinder barely misses you.
You hit Grinder but do no damage.
Grinder is moderately wounded.
Grinder hits you!
* * * LOW HITPOINT WARNING * * *
You writhe in agony.
You die...

###..........$...##)...
#.....o..†.......##....
#..).....?.............
#...##.............##.#
#...##.......?.....##.#
#...##...........####.#
##....###+######.# #.#
##!...###.######.# #.#
#....5@..........####.#
#.....###..............
#.....# ....#######..
#.....# ...# ###
#.....# ..# #.##### #.
... ##


You could see Grinder.

Vanquished Creatures
  2 adders (D:2)
  3 worms (D:2)
  2 orcs (D:3)
  A ball python (D:1)
  2 giant cockroaches
  3 goblins
  7 hobgoblins
  5 kobolds
  2 bats
  A giant newt (D:2)
  11 rats
39 creatures vanquished.

Notes
Turn   | Place    | Note
--------------------------------------------------------------
     0 | D:1      | urechis the Ogre Fighter began the quest for the Orb.
     0 | D:1      | Reached XP level 1. HP: 24/24 MP: 1/1
   169 | D:1      | Reached XP level 2. HP: 29/32 MP: 2/2
  1045 | D:2      | Reached XP level 3. HP: 16/40 MP: 3/3
  1373 | D:2      | Found a white marble altar of Elyvilon.
  1496 | D:2      | Found a deep blue altar of Sif Muna.
  1661 | D:2      | Reached XP level 4. HP: 37/49 MP: 4/4
  1824 | D:3      | Noticed Grinder
  1832 | D:3      | Paralysed by Grinder for 3 turns
  1870 | D:3      | Paralysed by Grinder for 7 turns
  1882 | D:3      | HP: 1/49 [Grinder (7)]
  1882 | D:3      | Slain by Grinder

Vault maps used:
D:1:      minmay_arrival_nine_rooms, serial_forest,
          infiniplex_forest_clump_medium, infiniplex_forest_diagonal,
          infiniplex_forest_lined_room_2, infiniplex_forest_lined_corner,
          infiniplex_forest_corner_1, infiniplex_forest_clump_long,
          infiniplex_forest_lined_3_way, infiniplex_forest_straight_3,
          infiniplex_forest_clump_cross
D:2:      lemuel_blue_sif_altar, lemuel_doored_altar, minmay_door_square
D:3:      minmay_goblin_kobold_castle, first_bread, uniq_iyjb, uniq_natasha,
          uniq_robin, uniq_grinder

Action                   |  1- 3 |  4- 6 || total
-------------------------+-------+-------++-------
Melee: Flail             |   112 |    20 ||   132
  Use: Potion            |       |     1 ||     1
 Stab: Distracted        |     1 |       ||     1
  Eat: Bread ration      |     1 |       ||     1
